 Dungeon Crawl Stone Soup version 0.23.2-1-ga50397a (webtiles) character file.

Game seed: 2192127351877153420

807 Wander the Sneak (level 8, -1/54 HPs)
             Began as a Human Wanderer on May 3, 2019.
             Slain by an orc priest
             ... wielding a +2 trident of freezing
              (2 damage)
             ... on level 5 of the Dungeon.
             The game lasted 00:23:45 (6691 turns).

Wander the Sneak (Human Wanderer)                   Turns: 6691, Time: 00:23:46

Health: -1/54      AC:  4    Str: 15    XL:     8   Next: 14%
Magic:  8/8        EV: 14    Int: 11    God:
Gold:   288        SH:  0    Dex: 17    Spells: 3/7 levels left

rFire    + . .     SeeInvis .   b - +8 hand axe of the Ghost {holy, Str+3}
rCold    . . .     Gourm    .   (no shield)
rNeg     . . .     Faith    .   d - +0 robe
rPois    .         Spirit   .   (no helmet)
rElec    .         Reflect  .   x - +1 cloak
rCorr    .         Harm     +   (no gloves)
MR       .....                  (no boots)
Stlth    +++++.....             p - amulet of harm
HPRegen  0.18/turn              q - ring of stealth
MPRegen  0.11/turn              r - ring of protection from fire

@: no status effects
A: no striking features
a: no special abilities


You were on level 5 of the Dungeon.
You were not hungry.

You visited 1 branch of the dungeon, and saw 5 of its levels.

You collected 288 gold pieces.

Inventory:

Hand Weapons
 a - a +0 dagger
 b - the +8 hand axe of the Ghost (weapon) {holy, Str+3}
   (You found it on level 4 of the Dungeon)

   It has been blessed by the Shining One to cause great damage to the undead
   and demons.
   It affects your strength (+3).
 n - a +1 dagger of speed
Missiles
 j - 2 throwing nets (quivered)
Armour
 d - a +0 robe (worn)
 x - a +1 cloak (worn)
Jewellery
 p - an amulet of harm (around neck)
 q - a ring of stealth (left hand)
 r - a ring of protection from fire (right hand)
Scrolls
 e - a scroll of enchant armour
 g - a scroll of magic mapping
 h - a scroll of blinking
 l - a scroll of identify
 o - 4 scrolls of teleportation
 u - 2 scrolls of remove curse
 w - a scroll of amnesia
 y - a scroll of immolation
Potions
 c - a potion of curing
 i - a potion of degeneration
 m - 2 potions of brilliance
 s - 3 potions of resistance
 t - a potion of flight {unknown}
 v - a potion of haste
Comestibles
 f - 9 rations


   Skills:
 - Level 1.0 Fighting
 + Level 4.8 Short Blades
 + Level 3.5 Dodging
 + Level 7.0 Stealth
 - Level 5.1 Hexes


You had 3 spell levels left.
You knew the following spells:

 Your Spells              Type           Power        Failure   Level  Hunger
a - Corona                Hex            ##.....      4%          1    ##.....
b - Confuse               Hex            ##......     13%         3    ####...

Your spell library contained the following spells:

 Spells                   Type           Power        Failure   Level  Hunger
 Tukima's Dance           Hex            ##......     13%         3    ####...
 Ensorcelled Hibernation  Hex/Ice        #.....       19%         2    ###....
 Dazzling Spray           Conj/Hex       #.....       36%         3    ####...


Dungeon Overview and Level Annotations

Branches:
Dungeon (5/15)
 Temple: D:4-7

Altars:
Ru
Trog

Annotations:
D:4 Pikel


Message History

The orc priest calls down the wrath of Beogh upon you.
Pain shoots through your body!
The orc priest hits you with a +2 trident of freezing.
The orc priest freezes you.
You see here a +0 club.
You slash the orc priest!
The orc priest is severely wounded.
The orc priest calls down the wrath of Beogh upon you.
You struggle to resist.
You barely miss the orc priest.
The orc priest is severely wounded.
The orc priest invokes the aid of Beogh against you.
Beogh smites you!
* * * LOW HITPOINT WARNING * * *
You hit the orc priest.
The orc priest is almost dead.
The orc priest hits you with a +2 trident of freezing.
* * * LOW HITPOINT WARNING * * *
The orc priest freezes you.
You die...

###.# ..#)# ..).#
..#.# ###.# #.# #.#
#.####################
#.............@o......
#.####################
###


You could see an orc priest.

Vanquished Creatures
  3 slaves
  A phantom (D:5)
  An ogre (D:5)
  A centaur zombie (D:5)
  2 crimson imps (D:5)
  3 hounds
  A bullfrog zombie (D:5)
  Crazy Yiuf (D:3)
  2 orc priests
  A centaur skeleton (D:5)
  2 orc wizards (D:5)
  A worker ant (D:4)
  A hound skeleton (D:4)
  8 adders
  2 shadow imps (D:5)
  4 worms
  4 dart slugs
  3 leopard geckos
  10 orcs
  5 giant cockroaches
  7 hobgoblins
  5 jackals
  9 kobolds
  3 quokkas
  12 bats
  4 frilled lizards
  17 goblins
  6 rats
119 creatures vanquished.

Notes
Turn   | Place    | Note
-------+----------+-------------------------------------------
     0 | D:1      | Wander the Human Wanderer began the quest for the Orb.
     0 | D:1      | Wander set off with the following items: a +0 dagger, a
                  | scroll of teleportation, a potion of lignification, a +0
                  | robe, a ration; and the following spell memorised: Corona;
                  | and the following spells available to memorise: Confuse,
                  | Tukima's Dance, Ensorcelled Hibernation, Dazzling Spray
     0 | D:1      | Reached XP level 1. HP: 15/15 MP: 1/1
   250 | D:1      | Reached XP level 2. HP: 21/21 MP: 2/2
   608 | D:2      | Reached skill level 3 in Stealth
   663 | D:2      | Reached XP level 3. HP: 26/26 MP: 3/3
   752 | D:2      | Reached XP level 4. HP: 21/32 MP: 4/4
   989 | D:2      | Reached skill level 4 in Stealth
  1908 | D:3      | Reached XP level 5. HP: 37/37 MP: 5/5
  2239 | D:3      | Learned a level 3 spell: Confuse
  2257 | D:3      | Found a sacrificial altar of Ru.
  2465 | D:3      | Reached skill level 5 in Stealth
  2756 | D:3      | Reached skill level 1 in Dodging
  2871 | D:3      | Found a runed translucent door.
  2872 | D:3      | Noticed Crazy Yiuf
  2879 | D:3      | Killed Crazy Yiuf
  2879 | D:3      | Reached XP level 6. HP: 43/43 MP: 6/6
  2982 | D:4      | Noticed a slave
  2986 | D:4      | Noticed a slave
  2986 | D:4      | Noticed a slave
  3013 | D:3      | Killed a slave
  3119 | D:4      | Got a dazzling hand axe
  3120 | D:4      | Identified the +8 hand axe of the Ghost {holy, Str+3} (You
                  | found it on level 4 of the Dungeon)
  4016 | D:4      | HP: 3/64 [orc/+0 falchion (2)]
  4021 | D:4      | HP: 1/64 [quokka (3)]
  4427 | D:4      | Noticed Pikel
  4451 | D:4      | Killed a slave
  4562 | D:4      | Killed a slave
  4796 | D:4      | Reached skill level 6 in Stealth
  4917 | D:5      | Entered Level 5 of the Dungeon
  5186 | D:5      | Reached XP level 7. HP: 48/48 MP: 7/7
  6012 | D:5      | Found a bloodstained altar of Trog.
  6582 | D:5      | Reached XP level 8. HP: 41/54 MP: 8/8
  6687 | D:5      | Reached skill level 7 in Stealth
  6691 | D:5      | HP: 1/54 [orc priest/+2 trident of freezing (7)]
  6691 | D:5      | Slain by an orc priest

Skill      XL: |  1  2  3  4  5  6  7  8 |
---------------+-------------------------+-----
Stealth        | 3 4 5 6 7 |  7.0
Short Blades   | 3 4 |  4.8
Dodging        | 1 2 3 |  3.5
Fighting       | |  1.0
Hexes          | |  5.1

Action                   |  1- 3 |  4- 6 |  7- 9 || total
-------------------------+-------+-------+-------++-------
Melee: Dagger            |    96 |   353 |   152 ||   601
       Hand axe          |       |    29 |    48 ||    77
 Cast: Confuse           |       |     1 |       ||     1
  Use: Potion            |     1 |     2 |     1 ||     4
       Scroll            |       |    13 |       ||    13
 Stab: Sleeping          |     8 |    21 |     6 ||    35
       Distracted        |       |     1 |       ||     1
       Paralysed         |       |     1 |       ||     1
       Confused          |       |     2 |       ||     2
  Eat: Chunk             |       |    13 |     6 ||    19
Armor: Robe              |    14 |    57 |    35 ||   106
       Skin              |    13 |    26 |       ||    39
Dodge: Dodged            |    34 |   152 |    93 ||   279
